 Dungeon Crawl Stone Soup version 0.27.1 (webtiles) character file.

Game seed: 6509674717992979044

1675 pkoi the Grappler (level 8, -15/70 HPs)
             Began as a Troll Brigand on Aug 25, 2021.
             Was a Follower of Dithmenos.
             Demolished by a two-headed ogre (20 damage)
             ... on level 6 of the Dungeon on Aug 26, 2021.
             The game lasted 00:08:40 (4839 turns).

pkoi the Grappler (Troll Brigand)                   Turns: 4839, Time: 00:08:41

Health: -15/70     AC:  6    Str: 22    XL:     8   Next: 70%
Magic:  7/7        EV:  9    Int:  7    God:    Dithmenos [*.....]
Gold:   173        SH:  0    Dex: 11    Spells: 7/7 levels left

rFire    . . .     SeeInvis .     - Unarmed
rCold    . . .     Faith    .   (no shield)
rNeg     . . .     Spirit   .   b - +0 robe
rPois    .         Reflect  .   (helmet restricted)
rElec    .         Harm     .   c - +1 cloak
rCorr    .         Rampage  .   (gloves unavailable)
Will     .....                  (boots unavailable)
Stlth    ++........             (no amulet)
HPRegen  1.21/turn              (no ring)
MPRegen  0.10/turn              (no ring)

@: wreathed by umbra
A: large, unfitting armour, claws 3, regeneration 1, shaggy fur 1, tough skin 1
a: Renounce Religion


You were on level 6 of the Dungeon.
You worshipped Dithmenos.
Dithmenos was aware of your devotion.
You visited 2 branches of the dungeon, and saw 7 of its levels.
You also visited: Sewer.

You collected 173 gold pieces.

Inventory:

Hand Weapons
 a - a +2 dagger
 l - a +2 dagger of venom
Missiles
 d - 55 poisoned darts (quivered)
 e - 4 curare-tipped darts
 g - 3 javelins
Armour
 b - a +0 robe (worn)
 c - a +1 cloak (worn)
Scrolls
 j - 3 scrolls of teleportation
 n - 2 scrolls of identify
Potions
 h - a potion of invisibility
 i - a potion of ambrosia
 o - 2 potions of flight


   Skills:
 - Level 1.5 Fighting
 - Level 1.5 Short Blades
 - Level 1.7 Throwing
 - Level 0.7 Dodging
 - Level 2.1 Stealth
 + Level 10.9 Unarmed Combat


You had 7 spell levels left.
You didn't know any spells.
Your spell library contained the following spells:

 Spells                   Type           Power      Damage    Failure   Level
 Slow                     Hex            0%         N/A       56%         2
 Confusing Touch          Hex            0%         N/A       80%         3
 Dazzling Flash           Conj/Hex       0%         N/A       80%         3
 Gell's Gravitas          Tloc           0%         N/A       80%         3
 Lesser Beckoning         Tloc           0%         N/A       80%         3
 Teleport Other           Tloc           0%         N/A       80%         3
 Vampiric Draining        Necr           0%         2d6       80%         3
 Agony                    Necr           0%         N/A       100%        5
 Freezing Cloud           Conj/Ice/Air   0%         6-21      100%        5
 Silence                  Hex/Air        0%         N/A       100%        5
 Simulacrum               Ice/Necr       0%         N/A       100%        6
 Polar Vortex             Ice            0%         N/A       100%        9


Dungeon Overview and Level Annotations

Branches:
Dungeon (6/15)             Temple (1/1) D:4           Sewer (visited)

Altars:
Ashenzari
Cheibriados
Dithmenos
Elyvilon
Fedhas
Gozag
Hepliaklqana
Makhleb
Nemelex Xobeh
Okawaru
Ru
Sif Muna
Trog
Vehumet
Wu Jian
Xom
Yredelemnul
Zin
The Shining One

Shops:
D:5 =

Annotations:
D:3 3 runed translucent doors, Snarg's ghost, amateur DjWn; pkoi's ghost, amateur MiGl; pkoi's ghost, weakling MiGl; shadowrider38's ghost, amateur DrTm


Innate Abilities, Weirdness & Mutations

You are too large for most types of armour.
You have claws for hands.
Your natural rate of healing is unusually fast.
You are covered in fur. (AC +1)
You have tough skin. (AC +1)


Message History

The centaur skeleton is heavily damaged.
The centaur skeleton barely misses you.
The centaur skeleton kicks you but does no damage.
You claw the centaur skeleton!
You destroy the centaur skeleton!
Dithmenos accepts your kill.
No target in view!
No target in view!
Found a glowing helmet.
A two-headed ogre comes into view.
It is wielding a +0 giant club and a +0 dire flail.
A two-headed ogre is nearby!
A two-headed ogre is nearby!
A two-headed ogre is nearby!
A two-headed ogre is nearby!
Found a stone staircase leading up.
The two-headed ogre shouts in stereo!
You claw the two-headed ogre!
The two-headed ogre is moderately wounded.
The two-headed ogre hits you with a +0 giant club!
The two-headed ogre hits you with a +0 dire flail!
You barely miss the two-headed ogre. You claw the two-headed ogre.
The two-headed ogre is moderately wounded.
You scratch the two-headed ogre but do no damage.
The two-headed ogre is moderately wounded.
The two-headed ogre hits you with a +0 giant club!
The two-headed ogre hits you with a +0 dire flail!!
* * * LOW HITPOINT WARNING * * *
You claw the two-headed ogre!
The two-headed ogre is heavily wounded.
The two-headed ogre hits you with a +0 giant club!
* * * LOW HITPOINT WARNING * * *
The two-headed ogre hits you with a +0 dire flail.
* * * LOW HITPOINT WARNING * * *
You scratch the two-headed ogre.
The two-headed ogre is heavily wounded.
You mangle the two-headed ogre!!
The two-headed ogre is almost dead.
The two-headed ogre misses you.
The two-headed ogre hits you with a +0 dire flail!!
You die...

................#
.................#
.............[....#
....................
.....................
....................<#
....................#
................@O#
................###
...............##
.............###
............##
#..........##
.........###
........## .......##


You could see a two-headed ogre.

Vanquished Creatures
  Prince Ribbit (D:5)
  A water moccasin (D:4)
  Duvessa (D:5)
  A black bear (D:4)
  6 kobold brigands (Sewer)
  2 scorpions
  Dowan (D:5)
  3 hounds
  A gnoll shaman (D:5)
  A bullfrog skeleton (D:5)
  3 orc priests
  A centaur skeleton (D:6)
  An iguana (D:5)
  An orc wizard (D:5)
  A hound skeleton (D:4)
  4 gnolls (D:5)
  10 adders
  4 worms
  A dart slug (D:3)
  20 orcs
  14 endoplasms
  A giant cockroach (D:1)
  6 goblins
  10 hobgoblins
  8 kobolds
  4 quokkas
  8 ball pythons
  6 bats
  5 frilled lizards
  9 rats
135 creatures vanquished.

Vanquished Creatures (others)
  A plant (D:4)
  2 withered plants (D:3)
3 creatures vanquished.

Grand Total: 138 creatures vanquished

Notes
Turn   | Place    | Note
-------+----------+-------------------------------------------
     0 | D:1      | pkoi the Troll Brigand began the quest for the Orb.
     0 | D:1      | Reached XP level 1. HP: 19/19 MP: 0/0
   141 | D:1      | Reached skill level 1 in Unarmed Combat
   304 | D:1      | Reached XP level 2. HP: 24/27 MP: 1/1
   405 | D:1      | Reached skill level 2 in Unarmed Combat
   802 | D:2      | Reached XP level 3. HP: 32/33 MP: 2/2
   810 | D:2      | Reached skill level 3 in Unarmed Combat
   829 | D:2      | Found a faded altar of an unknown god.
  1037 | D:2      | Reached XP level 4. HP: 41/41 MP: 3/3
  1536 | D:3      | Reached skill level 4 in Unarmed Combat
  1575 | D:3      | Found a runed translucent gate.
  1575 | D:3      | Found a runed translucent gate.
  1575 | D:3      | Found a runed translucent gate.
  1575 | D:3      | Noticed pkoi's ghost (weakling MiGl)
  1575 | D:3      | Noticed Snarg's ghost (amateur DjWn)
  1576 | D:3      | Noticed shadowrider38's ghost (amateur DrTm)
  1576 | D:3      | Noticed pkoi's ghost (amateur MiGl)
  1664 | D:3      | Found a glowing drain.
  1674 | Sewer    | Entered a sewer
  1879 | Sewer    | Noticed a kobold brigand
  1885 | Sewer    | Killed a kobold brigand
  1886 | Sewer    | Reached skill level 5 in Unarmed Combat
  1886 | Sewer    | Reached XP level 5. HP: 48/48 MP: 4/4
  1974 | Sewer    | Reached XP level 6. HP: 36/55 MP: 5/5
  1980 | Sewer    | Reached skill level 6 in Unarmed Combat
  2245 | Sewer    | Reached skill level 7 in Unarmed Combat
  2272 | Sewer    | Reached XP level 7. HP: 60/62 MP: 6/6
  3326 | D:4      | Found a staircase to the Ecumenical Temple.
  3340 | Temple   | Entered the Ecumenical Temple
  3556 | Temple   | Became a worshipper of Dithmenos the Shadowed
  3637 | D:4      | Reached skill level 8 in Unarmed Combat
  3713 | D:4      | Found a basalt altar of Yredelemnul.
  4014 | D:5      | Entered Level 5 of the Dungeon
  4116 | D:4      | Reached skill level 9 in Unarmed Combat
  4223 | D:5      | Reached XP level 8. HP: 42/70 MP: 7/7
  4390 | D:5      | Found Kishimyv's Jewellery Shoppe.
  4508 | D:5      | Reached * piety under Dithmenos
  4544 | D:5      | Noticed Dowan
  4547 | D:5      | Noticed Prince Ribbit
  4550 | D:5      | Noticed Duvessa
  4568 | D:5      | Killed Duvessa
  4570 | D:5      | Killed Dowan
  4571 | D:5      | Reached skill level 10 in Unarmed Combat
  4577 | D:5      | Killed Prince Ribbit
  4829 | D:6      | Noticed a two-headed ogre
  4837 | D:6      | HP: 3/70 [two-headed ogre (3)]
  4839 | D:6      | Demolished by a two-headed ogre

Illustrated notes

Levels and vault maps discovered:
D:1:      nzn_arrival_crosshair, layout_loops_ring, grunt_decor_junction,
          nrook_loot_triangle, minmay_pentomino_r2
D:2:      layout_basic, hellmonk_ecumenical_altar_arch_garden, st_stairs_9
D:3:      layout_basic, gammafunk_ghost_cemetery, cheibrodos_sewer_entry_sluice,
          corexii_hall_statues_l, amcnicky_mini_corridor_feature
D:4:      layout_cave_pods, mainiacjoe_overflow_boulevard,
          minmay_temple_entry_junction
D:5:      layout_basic, minmay_shop_enchanted_jewellery, uniq_prince_ribbit1,
          uniq_duvessa
D:6:      layout_cave_pods, mainiacjoe_overflow_alcove_1,
          minmay_hollow_rounded_squares, uniq_pikel, uniq_blork_the_orc
Temple:   dpeg_five_rooms_temple

Skill      XL: |  1  2  3  4  5  6  7  8 |
---------------+-------------------------+-----
Unarmed Combat | 1 2 3 5 7 9 10 | 10.9
Fighting       | |  1.5
Short Blades   | |  1.5
Throwing       | |  1.7
Dodging        | |  0.7
Stealth        | |  2.1

Action                   |  1- 3 |  4- 6 |  7- 9 || total
-------------------------+-------+-------+-------++-------
Melee: Unarmed           |   105 |   111 |   155 ||   371
       Punch             |     2 |     5 |     8 ||    15
  Use: Scroll            |       |     3 |     5 ||     8
       Potion            |       |     1 |     4 ||     5
 Stab: Sleeping          |     3 |     4 |     4 ||    11
Armor: Robe              |    51 |    35 |    41 ||   127
       Skin              |       |       |     3 ||     3
Dodge: Dodged            |    46 |    30 |    82 ||   158
